 Dungeon Crawl Stone Soup version 0.30-a0-778-g2ef04afb54 (webtiles) character file.

Game seed: 1421474502933381981

34 Zonian the Trooper (level 3, -1/20 HPs)
             Began as a Vine Stalker Fighter on Feb 17, 2023.
             Slain by Pargi (6 damage)
             ... on level 3 of the Dungeon.
             The game lasted 00:02:00 (1194 turns).

Zonian the Trooper (Vine Stalker Fighter)           Turns: 1194, Time: 00:02:01

Health: -1/20      AC:  8    Str: 18    XL:     3   Next: 31%
Magic:  0/4        EV:  9    Int:  8    God:
Gold:   158        SH:  5    Dex: 15    Spells: 2/2 levels left

rFire   . . .      SeeInvis .    a - +0 rapier
rCold   . . .      Faith    .    c - +0 buckler
rNeg    . . .      Spirit   +    b - +0 scale mail
rPois   .          Reflect  .    (no helmet)
rElec   .          Harm     .    (no cloak)
rCorr   .          Rampage  .    i - +0 pair of gloves
Will    .....                    p - +0 pair of boots Stlth
                                 (no amulet)
HPRegen 0.23/turn                (no ring)
MPRegen 0.09/turn                (no ring)

@: no status effects
A: fangs 2, magic shield, antimagic bite, no potion heal 2
a: no special abilities


You were on level 3 of the Dungeon.
You visited 1 branch of the dungeon, and saw 3 of its levels.

You collected 158 gold pieces.

Inventory:

Hand Weapons
 a - a +0 rapier (weapon)
Missiles
 l - 6 boomerangs (quivered)
Armour
 b - a +0 scale mail (worn)
 c - a +0 buckler (worn)
 i - a +0 pair of gloves (worn)
 p - a +0 pair of boots (worn)
Scrolls
 g - a scroll of amnesia {unknown}
 h - a scroll of identify {unknown}
 j - a scroll of immolation {unknown}
 m - 3 scrolls of poison {unknown}
 n - a scroll of magic mapping {unknown}
 o - a scroll of vulnerability {unknown}
 q - a scroll of noise {unknown}
Potions
 d - 2 potions of might
 e - a potion of ambrosia {unknown}
 f - a potion of brilliance {unknown}
 k - a potion of mutation {unknown}


   Skills:
 + Level 3.0 Fighting
 + Level 2.2 Short Blades
 + Level 2.7 Armour
 + Level 3.0 Shields


You had 2 spell levels left.
You didn't know any spells.
Your spell library contained the following spells:

 Spells                   Type           Power      Damage    Failure   Level
 Apportation              Tloc           0%         N/A       88%         1
 Sting                    Tmut/Pois      0%         1d3       88%         1
 Poisonous Vapours        Pois/Air       0%         N/A       95%         2
 Olgreb's Toxic Radiance  Pois           0%         N/A       100%        4
 Alistair's Intoxication  Tmut/Pois      0%         N/A       100%        5


Dungeon Overview and Level Annotations

Branches:
Dungeon (3/15)

Altars:

Shops:
D:3 !:

Annotations:
D:3 Pargi


Innate Abilities, Weirdness & Mutations

You have extremely sharp teeth.
When hurt, damage is shared between your health and your magic reserves.
Your bite disrupts and absorbs the magic of your enemies.
Potions cannot restore your health.


Message History

Throw: 6 boomerangs
Press: ? - help, Shift-Dir - straight line, f - Pargi
Aim: Pargi (lightly wounded, 51% to hit)
You throw a boomerang. The boomerang barely misses Pargi.
Pargi bites you but does no damage. You block Pargi's attack. x2
Pargi bites you. Pargi claws you.
* * * LOW HITPOINT WARNING * * *
Pargi barely misses you.
Unknown command.
You hit Pargi.
Pargi is lightly wounded.
Pargi bites you but does no damage. Pargi claws you but does no damage.
Pargi claws you.
* * * LOW HITPOINT WARNING * * *
Okay, then.
You hit Pargi.
Pargi is moderately wounded.
Pargi bites you but does no damage. You block Pargi's attack.
Pargi claws you but does no damage.
You hit Pargi.
Pargi is moderately wounded.
Pargi bites you but does no damage. Pargi completely misses you.
Pargi claws you but does no damage.
You barely miss Pargi. Your bite misses Pargi.
Pargi is moderately wounded.
Pargi bites you but does no damage. Pargi claws you but does no damage. x2
You barely miss Pargi.
Pargi is moderately wounded.
Pargi barely misses you. Pargi claws you.
* * * LOW HITPOINT WARNING * * *
Pargi claws you but does no damage.
You hit Pargi.
Pargi is moderately wounded.
Pargi clenches his claws.
You block Pargi's attack. Pargi claws you but does no damage.
Pargi completely misses you.
You hit Pargi.
Pargi is heavily wounded.
Pargi bites you.
You die...

.... .? #<.#
... # ###
#..##.# . T.
......# #. #.
#....
#.##.##..#####.
#...∩.†.†......
#...T@# #...†.#
.. #...∩.#....
#.......(..
......#<#.#....
##......#.#....
#.$..###.# ###
##.#. ..# #.#


You could see Pargi.

Vanquished Creatures
  A dart slug (D:3)
  5 ball pythons
  4 bats (D:2)
  3 endoplasms (D:1)
  A giant cockroach (D:1)
  3 hobgoblins
  2 quokkas
  2 frilled lizards
  4 goblins
  A kobold (D:1)
  2 rats
28 creatures vanquished.

Notes
Turn   | Place    | Note
-------+----------+-------------------------------------------
     0 | D:1      | Zonian the Vine Stalker Fighter began the quest for the
                  | Orb.
     0 | D:1      | Reached XP level 1. HP: 11/11 MP: 2/2
   195 | D:1      | Reached XP level 2. HP: 16/16 MP: 3/3
   786 | D:2      | Reached XP level 3. HP: 16/20 MP: 1/4
  1168 | D:3      | Found Waeqab's Book Boutique.
  1168 | D:3      | Found Zaopnokill's Distillery.
  1180 | D:3      | Noticed Pargi
  1194 | D:3      | Slain by Pargi

Illustrated notes

Levels and vault maps discovered:
D:1:      dpeg_arrival_arbitrary_c, layout_basic, grunt_decor_clamped,
          st_stairs_8
D:2:      layout_basic, dk_noncrumbling_4, wander_ebering_terrifying_dragon_lair
D:3:      cheibrodos_helix_gallery, layout_loops_cross,
          kennysheep_orc_sif_temple, nicolae_yredelemnul_corpse_copse,
          serial_shops, shop, shop, shop_statue, nicolae_shop_crystal, shop,
          hellmonk_ghost_happy_afterlife, uniq_pargi

Skill      XL: |  1  2  3 |
---------------+----------+-----
Short Blades   | 2 |  2.2
Fighting       | 3 |  3.0
Shields        | 3 |  3.0
Armour         | |  2.7

Action                     || total
---------------------------++-------
  Melee: Rapier            ||    72
         Bite              ||    13
  Throw: Boomerang         ||     1
 Armour: Scale mail        ||    47
  Dodge: Dodged            ||    38
  Block: Buckler           ||    21

Table legend: (Time is in decaauts)
 A = Elapsed time spent in this place.
 B = Non-inter-level travel time spent in this place.
 C = Inter-level travel time spent in this place.
 D = Time resting spent in this place.
 E = Time spent auto-exploring this place.
 F = Levels seen in this place.
 G = Mean time per level.
                   A        B        C        D        E       F      G
               +--------+--------+--------+--------+--------+-----+--------+
         Total |   1203 |   1156 |     47 |      0 |    926 |   3 |  401.0 |
       Dungeon |   1203 |   1156 |     47 |      0 |    926 |   3 |  401.0 |
               +--------+--------+--------+--------+--------+-----+--------+

Top non-repeatable levels by time:
     D:2: 725 daAuts
     D:1: 449 daAuts
     D:3: 28 daAuts
